| TOP OF THE 1ST |
|
Minnesota Twins batting - Pitching for Detroit Tigers : RHP Ramiro Silva
|
|
Pitching: RHP Ramiro Silva
|
|
|
Batting: LHB Peer Derks
|
0-0: Called Strike 0-1: Ball 1-1: Ball 2-1: Called Strike 2-2: Ball 3-2: Base on Balls
|
|
Batting: RHB Greg Harman
|
0-0: Ball Peer Derks steals 2nd base (no throw) 1-0: Ball 2-0: Called Strike 2-1: Foul Ball, location: 2F 2-2: Ball 3-2: Base on Balls
|
|
Batting: RHB Miguel Diaz
|
0-0: Ball 1-0: Ball 2-0: Ball 3-0: Called Strike 3-1: Base on Balls Peer Derks to third Greg Harman to second
|
|
Batting: LHB Harris Vink
|
0-0: Called Strike 0-1: SINGLE (Groundball, 4D, EV 102.5 MPH) Peer Derks scores Greg Harman to third Miguel Diaz to second Runner from 3rd tries for Home, SAFE, throw by CF to home
|
|
Batting: RHB Will Leslie
|
0-0: Ball 1-0: Foul Ball, location: 2F 1-1: Foul Ball, location: 2F 1-2: Ball 2-2: Foul Ball, location: 2F 2-2: Strikes out swinging
|
|
Batting: RHB Alex Rodriguez Jr.
|
0-0: Fielders Choice at 2nd, 4-6 (Groundball, 34, EV 104.4 MPH) Miguel Diaz to third
|
|
Batting: LHB Per Meulengracht
|
0-0: Called Strike 0-1: Called Strike Alex Rodriguez Jr. steals 2nd base 0-2: Ball 1-2: Ball 2-2: Ball 3-2: Fly out, F7 (Flyball, 7LS, EV 92.5 MPH)
|
| Top of the 1st over - 2 runs, 1 hit, 0 errors, 2 left on base; Minnesota 2 - Detroit 0 |
| BOTTOM OF THE 1ST |
|
Detroit Tigers batting - Pitching for Minnesota Twins : RHP Bud Puffer
|
|
Pitching: RHP Bud Puffer
|
|
|
Batting: LHB Dave Carlisle
|
0-0: Foul Ball, location: 2F 0-1: Called Strike 0-2: Strikes out swinging
|
|
Batting: LHB Frank McConnell
|
0-0: Ball 1-0: Swinging Strike 1-1: Swinging Strike 1-2: Strikes out swinging
|
|
Batting: LHB Tyler Davis
|
0-0: Called Strike 0-1: Foul Ball, location: 2F 0-2: Ball 1-2: Ball 2-2: DOUBLE (Line Drive, 7LM, EV 96.9 MPH)
|
|
Batting: LHB Conrad Taylor
|
0-0: Ball 1-0: Ball 2-0: Swinging Strike 2-1: Called Strike 2-2: Ball 3-2: Ground out 4-3 (Groundball, 4, EV 76.2 MPH)
|
| Bottom of the 1st over - 0 runs, 1 hit, 0 errors, 1 left on base; Minnesota 2 - Detroit 0 |
| TOP OF THE 2ND |
|
Minnesota Twins batting - Pitching for Detroit Tigers : RHP Ramiro Silva
|
|
Batting: RHB Matt Dunn
|
0-0: Called Strike 0-1: Swinging Strike 0-2: Ball 1-2: Strikes out looking
|
|
Batting: SHB Manny Molina
|
0-0: Called Strike 0-1: Swinging Strike 0-2: Ball 1-2: Foul Ball, location: 2F 1-2: Ball 2-2: Ball 3-2: Strikes out swinging
|
|
Batting: LHB Peer Derks
|
0-0: Ball 1-0: Ball 2-0: Ball 3-0: Called Strike 3-1: Base on Balls
|
|
Pitching: RHP Ricky Tercero
|
|
|
Batting: RHB Greg Harman
|
0-0: SINGLE (Line Drive, 4D, EV 94.4 MPH) Peer Derks to second Runner from 2nd tries for 3rd, SAFE, throw by RF made to third
|
|
Batting: RHB Miguel Diaz
|
0-0: Called Strike 0-1: Ball 1-1: Foul Ball, location: 2F 1-2: Ball 2-2: Foul Ball, location: 2F 2-2: Foul Ball, location: 2F 2-2: Foul Ball, location: 2F 2-2: Foul Ball, location: 2F 2-2: Fly out, F8 (Line Drive, 8RD, EV 88.8 MPH)
|
| Top of the 2nd over - 0 runs, 1 hit, 0 errors, 2 left on base; Minnesota 2 - Detroit 0 |
| BOTTOM OF THE 2ND |
|
Detroit Tigers batting - Pitching for Minnesota Twins : RHP Bud Puffer
|
|
Batting: RHB Chris Wheatley
|
0-0: Ball 1-0: Called Strike 1-1: Ball 2-1: SOLO HOME RUN (Flyball, 89XD, EV 113.8 MPH), Distance : 429 ft
|
|
Batting: SHB Ross Holland
|
0-0: Ball 1-0: Foul Ball, location: 2F 1-1: Swinging Strike 1-2: Strikes out swinging
|
|
Batting: RHB Victor Quinones
|
0-0: Ball 1-0: Ball 2-0: Ball 3-0: Called Strike 3-1: Swinging Strike 3-2: Foul Ball, location: 2F 3-2: Foul Ball, location: 2F 3-2: Strikes out swinging
|
|
Batting: RHB Andres Leon
|
0-0: Ball 1-0: Called Strike 1-1: Ball 2-1: Called Strike 2-2: Strikes out swinging
|
| Bottom of the 2nd over - 1 run, 1 hit, 0 errors, 0 left on base; Minnesota 2 - Detroit 1 |
| TOP OF THE 3RD |
|
Minnesota Twins batting - Pitching for Detroit Tigers : RHP Ricky Tercero
|
|
Batting: LHB Harris Vink
|
0-0: Called Strike 0-1: Fly out, F6 (Popup, 6D, EV 70.0 MPH)
|
|
Batting: RHB Will Leslie
|
0-0: Swinging Strike 0-1: Swinging Strike 0-2: Ground out 6-3 (Groundball, 6, EV 88.1 MPH)
|
|
Batting: RHB Alex Rodriguez Jr.
|
0-0: Called Strike 0-1: Called Strike 0-2: Ball 1-2: Ground out 6-3 (Groundball, 6, EV 101.9 MPH)
|
| Top of the 3rd over - 0 runs, 0 hits, 0 errors, 0 left on base; Minnesota 2 - Detroit 1 |
| BOTTOM OF THE 3RD |
|
Detroit Tigers batting - Pitching for Minnesota Twins : RHP Bud Puffer
|
|
Batting: RHB Dan Friess
|
0-0: Ground out 5-3 (Groundball, 5S, EV 68.8 MPH)
|
|
Batting: LHB Dave Carlisle
|
0-0: Called Strike 0-1: Ground out U3 (Groundball, 34, EV 88.8 MPH)
|
|
Batting: LHB Frank McConnell
|
0-0: Ball 1-0: Ball 2-0: Ground out 6-3 (Groundball, 6S, EV 73.8 MPH)
|
| Bottom of the 3rd over - 0 runs, 0 hits, 0 errors, 0 left on base; Minnesota 2 - Detroit 1 |
| TOP OF THE 4TH |
|
Minnesota Twins batting - Pitching for Detroit Tigers : RHP Ricky Tercero
|
|
Batting: LHB Per Meulengracht
|
0-0: Fly out, F8 (Line Drive, 8RD, EV 91.2 MPH)
|
|
Pitching: RHP Jorge Castaneda
|
|
|
Batting: RHB Matt Dunn
|
0-0: Ball 1-0: Foul Ball, location: 2F 1-1: Foul Ball, location: 2F 1-2: Ball 2-2: Foul Ball, location: 2F 2-2: Strikes out swinging
|
|
Batting: SHB Manny Molina
|
0-0: Called Strike 0-1: Called Strike 0-2: Ball 1-2: SINGLE (Line Drive, 7S, EV 100.6 MPH)
|
|
Batting: LHB Peer Derks
|
0-0: Called Strike 0-1: Ball 1-1: Ball 2-1: Foul Ball, location: 2F 2-2: Foul Ball, location: 2F 2-2: Ball 3-2: Base on Balls Manny Molina to second
|
|
Batting: RHB Greg Harman
|
0-0: Called Strike 0-1: Hit by Pitch Manny Molina to third Peer Derks to second
|
|
Batting: RHB Miguel Diaz
|
0-0: Fielders Choice at 2nd, 6-4 (Groundball, 56, EV 85.6 MPH)
|
| Top of the 4th over - 0 runs, 1 hit, 0 errors, 3 left on base; Minnesota 2 - Detroit 1 |
| BOTTOM OF THE 4TH |
|
Detroit Tigers batting - Pitching for Minnesota Twins : RHP Bud Puffer
|
|
Batting: LHB Tyler Davis
|
0-0: Foul Ball, location: 2F 0-1: Ball 1-1: Foul Ball, location: 2F 1-2: Foul Ball, location: 2F 1-2: Ball 2-2: Foul Ball, location: 2F 2-2: Foul Ball, location: 2F 2-2: Ball 3-2: Fly out, F9 (Flyball, 9, EV 90.6 MPH)
|
|
Batting: LHB Conrad Taylor
|
0-0: Called Strike 0-1: Ball 1-1: Ball 2-1: DOUBLE (Line Drive, 78D, EV 108.1 MPH)
|
|
Batting: RHB Chris Wheatley
|
0-0: Ball 1-0: Ground out 6-3 (Groundball, 56D, EV 85.0 MPH)
|
|
Batting: SHB Ross Holland
|
0-0: Called Strike 0-1: TRIPLE (Line Drive, 9LD, EV 106.2 MPH) Conrad Taylor scores
|
|
Batting: RHB Victor Quinones
|
0-0: Called Strike 0-1: Foul Ball, location: 2F 0-2: Ball 1-2: Foul Ball, location: 2F 1-2: Foul Ball, location: 2F 1-2: Foul Ball, location: 2F 1-2: Strikes out swinging
|
| Bottom of the 4th over - 1 run, 2 hits, 0 errors, 1 left on base; Minnesota 2 - Detroit 2 |
| TOP OF THE 5TH |
|
Minnesota Twins batting - Pitching for Detroit Tigers : RHP Jorge Castaneda
|
|
Batting: LHB Harris Vink
|
0-0: Ball 1-0: Swinging Strike 1-1: Called Strike 1-2: Foul Ball, location: 2F 1-2: Ground out 3-1 (Groundball, 34, EV 85.0 MPH)
|
|
Batting: RHB Will Leslie
|
0-0: Ball 1-0: Called Strike 1-1: Foul Ball, location: 2F 1-2: Ground out 6-3 (Groundball, 6, EV 103.8 MPH)
|
|
Pinch Hitting: RHB Alex Sandoval
|
0-0: Called Strike 0-1: Swinging Strike 0-2: Ball 1-2: Fly out, F9 (Flyball, 89S, EV 79.4 MPH)
|
| Top of the 5th over - 0 runs, 0 hits, 0 errors, 0 left on base; Minnesota 2 - Detroit 2 |
| BOTTOM OF THE 5TH |
|
Detroit Tigers batting - Pitching for Minnesota Twins : RHP Bud Puffer
|
|
Now at SS: Alex Sandoval
|
|
|
Batting: RHB Andres Leon
|
0-0: Ball 1-0: Ball 2-0: Foul Ball, location: 2F 2-1: SINGLE (Groundball, 6D, EV 101.9 MPH)
|
|
Pitching: LHP Luis Perez
|
|
|
Batting: RHB Dan Friess
|
0-0: Ball Andres Leon is caught stealing 2nd base 2-4 1-0: Ground out 5-3 (Groundball, 56S, EV 70.0 MPH)
|
|
Batting: LHB Dave Carlisle
|
0-0: Fly out, F7 (Flyball, 78D, EV 102.5 MPH)
|
| Bottom of the 5th over - 0 runs, 1 hit, 0 errors, 0 left on base; Minnesota 2 - Detroit 2 |
| TOP OF THE 6TH |
|
Minnesota Twins batting - Pitching for Detroit Tigers : RHP Jorge Castaneda
|
|
Pinch Hitting: LHB Chaim Huting
|
0-0: Foul Ball, location: 2F 0-1: Ball 1-1: Ball 2-1: Foul Ball, location: 2F 2-2: Ball 3-2: Base on Balls
|
|
Batting: RHB Matt Dunn
|
0-0: Ball 1-0: Ball 2-0: Called Strike 2-1: Swinging Strike 2-2: Ball 3-2: Strikes out swinging
|
|
Pitching: RHP Chris McCurdy
|
|
|
Batting: SHB Manny Molina
|
0-0: Foul Ball, location: 2F 0-1: Ball 1-1: Swinging Strike 1-2: Strikes out swinging
|
|
Pinch Hitting: LHB Ryan Flynn Jr.
|
0-0: Ball 1-0: Fielders Choice at 2nd, U6 (Groundball, 6M, EV 101.9 MPH)
|
| Top of the 6th over - 0 runs, 0 hits, 0 errors, 1 left on base; Minnesota 2 - Detroit 2 |
| BOTTOM OF THE 6TH |
|
Detroit Tigers batting - Pitching for Minnesota Twins : LHP Luis Perez
|
|
Pitching: RHP Matt Lundy
|
|
|
Now at C: John Creel
|
|
|
Now in CF: Ryan Flynn Jr.
|
|
|
Now in RF: Chaim Huting
|
|
|
Pinch Hitting: RHB Dave Reynolds
|
0-0: Foul Ball, location: 2F 0-1: Ball 1-1: Foul Ball, location: 2F 1-2: Fly out, F5 (Popup, 5S, EV 81.2 MPH)
|
|
Pinch Hitting: RHB Brandon O'Malley
|
0-0: Called Strike 0-1: Called Strike 0-2: Ball 1-2: Ball 2-2: Foul Ball, location: 2F 2-2: Strikes out swinging
|
|
Batting: SHB Adam Weber
|
0-0: Ball 1-0: Swinging Strike 1-1: Swinging Strike 1-2: Ball 2-2: Foul Ball, location: 2F 2-2: Strikes out swinging
|
| Bottom of the 6th over - 0 runs, 0 hits, 0 errors, 0 left on base; Minnesota 2 - Detroit 2 |
| TOP OF THE 7TH |
|
Minnesota Twins batting - Pitching for Detroit Tigers : RHP Chris McCurdy
|
|
Now at C: Joel Miller
|
|
|
Now at 2B: Dave Reynolds
|
|
|
Now in RF: Brandon O'Malley
|
|
|
Pinch Hitting: LHB Ricardo Batista
|
0-0: Called Strike 0-1: Ball 1-1: Foul Ball, location: 2F 1-2: Foul Ball, location: 2F 1-2: Strikes out swinging
|
|
Batting: RHB Miguel Gonzalez
|
0-0: Foul Ball, location: 2F 0-1: Ball 1-1: Ball 2-1: Foul Ball, location: 2F 2-2: Foul Ball, location: 2F 2-2: Ground out 6-3 (Groundball, 6, EV 82.5 MPH)
|
|
Batting: LHB Harris Vink
|
0-0: Ground out 4-3 (Groundball, 4, EV 83.8 MPH)
|
| Top of the 7th over - 0 runs, 0 hits, 0 errors, 0 left on base; Minnesota 2 - Detroit 2 |
| BOTTOM OF THE 7TH |
|
Detroit Tigers batting - Pitching for Minnesota Twins : RHP Matt Lundy
|
|
Pitching: RHP Jack Overbeek
|
|
|
Now at 1B: Ricardo Batista
|
|
|
Pinch Hitting: RHB Jerry Jauregui
|
0-0: Ball 1-0: Foul Ball, location: 2F 1-1: Ball 2-1: Foul Ball, location: 2F 2-2: Ground out 6-3 (Groundball, 6, EV 93.1 MPH)
|
|
Pinch Hitting: LHB Morgan Black
|
0-0: Ball 1-0: Swinging Strike 1-1: Swinging Strike 1-2: Ball 2-2: Foul Ball, location: 2F 2-2: Ball 3-2: Fly out, F7 (Flyball, 7, EV 96.9 MPH)
|
|
Pinch Hitting: RHB Eric Garrett
|
0-0: Called Strike 0-1: Ball 1-1: Ball 2-1: Ball 3-1: Called Strike 3-2: Foul Ball, location: 2F 3-2: Foul Ball, location: 2F 3-2: Base on Balls
|
|
Pinch Hitting: RHB Brady Jeleniewski
|
0-0: Ball 1-0: Foul Ball, location: 2F 1-1: Fielders Choice at 2nd, 5-4 (Groundball, 56, EV 99.4 MPH)
|
| Bottom of the 7th over - 0 runs, 0 hits, 0 errors, 1 left on base; Minnesota 2 - Detroit 2 |
| TOP OF THE 8TH |
|
Minnesota Twins batting - Pitching for Detroit Tigers : RHP Chris McCurdy
|
|
Now at 1B: Adam MacConnell
|
|
|
Now at 3B: Jerry Jauregui
|
|
|
Now in LF: Morgan Black
|
|
|
Now in CF: Brandon O'Malley
|
|
|
Now in RF: Eric Garrett
|
|
|
Batting: RHB Will Leslie
|
0-0: Called Strike 0-1: SINGLE (Line Drive, 56D, EV 107.5 MPH)
|
|
Pitching: RHP Dave Valdez
|
|
|
Batting: RHB Alex Sandoval
|
0-0: Sac Bunt to 15 - play at first, batter OUT! 1-3 Will Leslie to second
|
|
Batting: LHB Chaim Huting
|
0-0: Ball 1-0: Ball 2-0: Called Strike 2-1: Ball 3-1: Base on Balls
|
|
Batting: RHB John Creel
|
0-0: Foul Ball, location: 2F 0-1: Called Strike 0-2: Ball 1-2: Strikes out swinging
|
|
Batting: SHB Manny Molina
|
0-0: Ball 1-0: Ball Wild Pitch! Will Leslie to third Chaim Huting to second 2-0: Called Strike 2-1: Swinging Strike 2-2: Ball 3-2: Base on Balls
|
|
Batting: LHB Ryan Flynn Jr.
|
0-0: Ball 1-0: Ball 2-0: Called Strike 2-1: Ball 3-1: Base on Balls Will Leslie scores Chaim Huting to third Manny Molina to second
|
|
Batting: LHB Ricardo Batista
|
0-0: Foul Ball, location: 2F 0-1: Ball 1-1: Fly out, F8 (Flyball, 89M, EV 79.4 MPH)
|
| Top of the 8th over - 1 run, 1 hit, 0 errors, 3 left on base; Minnesota 3 - Detroit 2 |
| BOTTOM OF THE 8TH |
|
Detroit Tigers batting - Pitching for Minnesota Twins : RHP Jack Overbeek
|
|
Pitching: RHP Kevin Cushman
|
|
|
Batting: RHB Joel Miller
|
0-0: Ball 1-0: SINGLE (Line Drive, 8RS, EV 94.4 MPH)
|
|
Pinch Hitting: RHB Willis Morales
|
0-0: Ball 1-0: Called Strike 1-1: Called Strike 1-2: DOUBLE (Line Drive, 89D, EV 115.0 MPH) Joel Miller to third Runner from 3rd tries for Home, SAFE, throw by CF to trailing runner, SAFE at third!
|
|
Batting: RHB Dave Reynolds
|
0-0: Called Strike 0-1: Fly out, F9 (Flyball, 9, EV 89.4 MPH)
|
|
Batting: RHB Brandon O'Malley
|
0-0: Fly out, F9 (Flyball, 9, EV 88.1 MPH) Runner from 3rd tags up, SCORES, throw by RF
|
|
Batting: SHB Adam Weber
|
0-0: Ball 1-0: Ball 2-0: Foul Ball, location: 2F 2-1: Ball 3-1: Base on Balls
|
|
Batting: RHB Jerry Jauregui
|
0-0: Foul Ball, location: 2F 0-1: Foul Ball, location: 2F 0-2: Ball 1-2: Ball Adam Weber is caught stealing 2nd base 2-4
|
| Bottom of the 8th over - 2 runs, 2 hits, 0 errors, 0 left on base; Minnesota 3 - Detroit 4 |
| TOP OF THE 9TH |
|
Minnesota Twins batting - Pitching for Detroit Tigers : RHP Dave Valdez
|
|
Pitching: RHP Aaron Vallejo
|
|
|
Now at SS: Dan Becvar
|
|
|
Batting: RHB Miguel Gonzalez
|
0-0: Ball 1-0: Ground out 6-3 (Groundball, 6, EV 93.1 MPH)
|
|
Batting: LHB Harris Vink
|
0-0: Called Strike 0-1: Ball 1-1: Swinging Strike 1-2: DOUBLE (Groundball, 3L, EV 101.9 MPH)
|
|
Batting: RHB Will Leslie
|
0-0: Ball 1-0: Called Strike 1-1: Ball 2-1: Ball 3-1: Base on Balls
|
|
Batting: RHB Alex Sandoval
|
0-0: Called Strike 0-1: Swinging Strike 0-2: Foul Ball, location: 2F 0-2: Strikes out swinging
|
|
Batting: LHB Chaim Huting
|
0-0: Foul Ball, location: 2F 0-1: Ball 1-1: Foul Ball, location: 2F 1-2: Strikes out looking
|
| Top of the 9th over - 0 runs, 1 hit, 0 errors, 2 left on base; Minnesota 3 - Detroit 4 |
|